 Dungeon Crawl Stone Soup version 0.21.1-1-g345015f (webtiles) character file.

15089 troglodite the Blocker (level 11, 0/87 HPs)
             Began as a Demonspawn Berserker on July 13, 2018.
             Was a High Priest of Trog.
             Slain by Frances
             ... wielding a +0 dire flail of draining
              (23 damage)
             ... on level 12 of the Dungeon.
             The game lasted 00:37:57 (13714 turns).

troglodite the Blocker (Demonspawn Berserker)      Turns: 13714, Time: 00:37:58

Health: 0/87       AC: -4    Str: 15      XL:     11   Next: 97%
Magic:  11/11      EV:  7    Int:  2 (9)  God:    Trog [*****.]
Gold:   799        SH: 16    Dex: 14      Spells: 10/10 levels left

rFire    + + +     SeeInvis .   H - +2 long sword of Linearity {drain, rF+++ rN+ Str-2 Dex-2}
rCold    . . .     Gourm    .   w - +0 large shield
rNeg     + + .     Faith    .   F - +0 chain mail {rN+}
rPois    .         Spirit   .   p - +1 hat
rElec    .         Reflect  .   m - +2 cloak
rCorr    .         Harm     .   (gloves unavailable)
MR       +....                  (no boots)
Stlth    ..........             (no amulet)
HPRegen  0.24/turn              L - ring of protection from magic
MPRegen  0.12/turn              g - ring of flight

@: corroded, berserk cooldown, slowed, drained, very slow
A: claws 3, hooves 1, horns 1, demonic guardian 1, spiny 2
a: Berserk, Trog's Hand, Brothers in Arms, Burn Spellbooks, Renounce Religion,
Evoke Flight


You were on level 12 of the Dungeon.
You worshipped Trog.
Trog was extremely pleased with you.
You were very hungry.

You visited 1 branch of the dungeon, and saw 12 of its levels.
You also visited: Ossuary.

You collected 799 gold pieces.

Inventory:

Hand Weapons
 a - a +1 falchion
 i - a +5 falchion of slicing
 y - the +1 battleaxe of Ygguivext {chop, +Inv rF- rC+ Str+2}
   (You found it on level 4 of the Dungeon)

   It inflicts extra damage upon your enemies.
   It affects your strength (+2).
   It makes you vulnerable to fire.
   It protects you from cold.
   It lets you turn invisible.
 H - the +2 long sword of Linearity (weapon) {drain, rF+++ rN+ Str-2 Dex-2}
   (You found it on level 11 of the Dungeon)

   A truly terrible weapon, it drains the life of those it strikes.
   It affects your strength (-2).
   It affects your dexterity (-2).
   It renders you almost immune to fire.
   It protects you from negative energy.
Armour
 m - a +2 cloak (worn)
 p - a +1 hat (worn)
 w - a +0 large shield (worn)
 F - a +0 chain mail of positive energy (worn)
Jewellery
 g - a ring of flight (right claw)
 k - an uncursed ring of fire
 L - a ring of protection from magic (left claw)
Wands
 h - a wand of clouds (6)
 v - a wand of random effects (15)
 A - a wand of polymorph (4)
 B - a wand of flame (66)
 E - a wand of disintegration (15)
 M - a wand of paralysis (10)
Scrolls
 d - 15 scrolls of teleportation
 r - 3 scrolls of magic mapping
 x - 3 scrolls of remove curse
 z - 3 scrolls of identify
 K - a scroll of blinking {unknown}
Potions
 b - 2 potions of haste
 e - 3 potions of ambrosia
 f - 3 potions of flight
 j - 3 potions of might
 n - 2 potions of agility
 o - 6 potions of curing
 q - 3 potions of lignification
 s - a potion of cancellation
 t - 3 potions of heal wounds
 u - a potion of magic {unknown}
 C - a potion of brilliance {unknown}
 D - a potion of mutation {unknown}
 G - a potion of invisibility {unknown}
Books
 I - a book of Enchantments

   Spells                             Type                      Level
   a - Cause Fear                     Hexes                        4
   b - Yara's Violent Unravelling     Hexes/Transmutation          5
   c - Silence                        Hexes/Air                    5
   d - Deflect Missiles               Charms/Air                   6
   e - Discord                        Hexes                        8
   Trog disapproves of the use of such an item.
Comestibles
 c - 6 rations
 l - a chunk of flesh


   Skills:
 * Level 8.5(8.4) Fighting
 + Level 8.4(8.3) Long Blades
 * Level 9.1(9.0) Armour
 * Level 6.7(6.6) Dodging
 + Level 1.7(1.6) Stealth
 * Level 9.2(9.1) Shields


You had 10 spell levels left.
You didn't know any spells.

Dungeon Overview and Level Annotations

Branches:
Dungeon (12/15)            Temple (0/1) D:4            Lair (0/6) D:9
    Orc: D:9-12

Altars:
Cheibriados
Dithmenos
Hepliaklqana
Kikubaaqudgha
Nemelex Xobeh
Okawaru
Qazlal
Ru
Sif Muna
Trog
Vehumet
Yredelemnul
Zin
The Shining One

Shops:
D:4 *   D:5 }   D:11 }

Portals:
Trove: D:10 (give horn of Geryon)

Annotations:
D:12 Frances


Innate Abilities, Weirdness & Mutations

You have claws for hands.
You have large cloven feet.
You have a pair of small horns on your head.
A weak demonic guardian rushes to your aid.
You are mostly covered in sharp spines.


Message History

The neqoxec hits your white imp.
Frances hits your white imp with a dire flail of draining!!
Your white imp dies!
Frances chants phrases taken from a devil's mouth.
The neqoxec gestures.
The neqoxec gestures at you.
You feel dopey. Something feeds on your intellect!
Frances mutters in a terrible tongue.
The iron shot hits your iron imp.
Your iron imp dies!
The crimson imp summons a swarm of flies.
The rust devil is struck by your spines.
The rust devil hits you!
* * * LOW HITPOINT WARNING * * *
The rust devil corrodes you!
Things that are here:
a giant club; an ogre corpse You feel much better.
You block Frances's attack.
Frances hits you with a dire flail of draining!!
You die...

#### ... #..
#.# #.#
######4######.#
#....@........#
#...@4535[#
#.<.....5.#
###########


You could see Frances, a hellwing, a rust devil, a neqoxec, a crimson imp and 2
shadow imps.

Vanquished Creatures
  4 two-headed ogres
  Urug (D:11)
  Pikel (D:6)
  An ugly thing (D:10)
  A cyclops (D:11)
  A centaur skeleton (D:10)
  2 trolls (D:9)
  2 hippogriffs
  A vampire (D:9)
  10 yaks
  A wyvern (D:10)
  2 hungry ghosts (D:10)
  Edmund (D:4)
  A porcupine (D:9)
  5 ice beasts
  5 sky beasts
  6 orc warriors
  4 phantoms
  A slave (D:6)
  2 necrophages (D:10)
  5 ogres
  A centaur (D:9)
  A crocodile (D:9)
  3 big kobolds
  11 bullfrogs
  2 water moccasin zombies (Ossuary)
  4 scorpions
  5 killer bees (D:7)
  5 wights (D:10)
  A howler monkey (D:8)
  2 bullfrog zombies
  6 crimson imps
  A centaur zombie (D:6)
  6 hounds
  5 jellies
  4 orc priests
  3 iguanas
  6 orc wizards
  7 worker ants
  4 big kobold zombies (Ossuary)
  A hound zombie (D:5)
  A hound skeleton (D:5)
  2 mummies (Ossuary)
  2 howler monkey skeletons
  A worker ant zombie (D:10)
  10 adders
  4 gnolls
  2 oozes
  4 adder skeletons
  8 adder zombies
  4 worms (D:3)
  2 dart slugs (D:1)
  3 leopard geckos
  31 orcs
  4 giant cockroaches
  3 gnoll zombies (Ossuary)
  11 goblins
  4 hobgoblins
  12 jackals
  15 kobolds
  5 quokkas
  2 ball pythons
  5 bats
  5 frilled lizards
  4 hobgoblin zombies (Ossuary)
  4 kobold zombies (Ossuary)
  A leopard gecko skeleton (D:7)
  A leopard gecko zombie (D:6)
  2 orc zombies (Ossuary)
  2 quokka skeletons
  4 rats
  A fungus (D:9)
294 creatures vanquished.

Vanquished Creatures (collateral kills)
  Erolcha (D:10)
  2 two-headed ogres
  2 hippogriffs
  A yak (D:9)
  An orc priest (D:9)
  An orc wizard (D:9)
  3 orcs
  3 kobolds
  A hobgoblin zombie (Ossuary)
  A kobold zombie (Ossuary)
16 creatures vanquished.

Vanquished Creatures (others)
  11 fungi (D:9)
  4 plants (D:9)
15 creatures vanquished.

Grand Total: 325 creatures vanquished

Notes
Turn   | Place    | Note
-------+----------+-------------------------------------------
     0 | D:1      | troglodite the Demonspawn Berserker began the quest for the Orb.
     0 | D:1      | Reached XP level 1. HP: 18/18 MP: 1/1
   244 | D:1      | Gained mutation: You have sharp fingernails. [demonic ancestry]
   244 | D:1      | Reached XP level 2. HP: 22/24 MP: 2/2
  1060 | D:2      | Reached ** piety under Trog
  1098 | D:2      | Gained mutation: You have very sharp fingernails. [demonic ancestry]
  1098 | D:2      | Reached XP level 3. HP: 29/29 MP: 3/3
  1193 | D:2      | Found an iron altar of Okawaru.
  2034 | D:2      | Reached XP level 4. HP: 33/37 MP: 4/4
  3192 | D:3      | Found a stormy altar of Qazlal.
  3256 | D:3      | Found a sparkling altar of Nemelex Xobeh.
  3438 | D:3      | Found a snail-covered altar of Cheibriados.
  3439 | D:3      | Found a shadowy altar of Dithmenos.
  3646 | D:4      | Gained mutation: You have claws for hands. [demonic ancestry]
  3646 | D:4      | Reached XP level 5. HP: 40/42 MP: 5/5
  3978 | D:4      | Noticed a phantom
  4001 | D:4      | Killed a phantom
  4001 | D:4      | Gained mutation: You are partially covered in sharp spines. [demonic ancestry]
  4001 | D:4      | Reached XP level 6. HP: 23/48 MP: 6/6
  4268 | D:4      | Got a transparent battleaxe
  4274 | D:4      | Identified the cursed +1 battleaxe of Ygguivext {chop, +Inv rF- rC+ Str+2} (You found it on level 4 of the Dungeon)
  4355 | D:4      | Reached *** piety under Trog
  4376 | D:4      | Found Nisuxt's Assorted Antiques.
  4442 | D:4      | Found a staircase to the Ecumenical Temple.
  4482 | D:4      | Noticed Edmund
  4498 | D:4      | Killed Edmund
  4498 | D:4      | Reached skill level 1 in Shields
  4712 | D:4      | Reached XP level 7. HP: 7/55 MP: 7/7
  5140 | D:5      | Entered Level 5 of the Dungeon
  5162 | D:5      | Found a radiant altar of Vehumet.
  5555 | D:5      | Found Methuqor's Gadget Emporium.
  5744 | D:5      | Found a basalt altar of Yredelemnul.
  5967 | D:6      | Found a deep blue altar of Sif Muna.
  6041 | D:6      | Noticed Pikel
  6059 | D:6      | Killed Pikel
  6059 | D:6      | Reached skill level 5 in Fighting
  6059 | D:6      | Reached skill level 5 in Armour
  6059 | D:6      | Gained mutation: You have large cloven feet. [demonic ancestry]
  6059 | D:6      | Reached XP level 8. HP: 62/62 MP: 8/8
  6252 | D:6      | Found a glowing golden altar of the Shining One.
  6499 | D:6      | Reached skill level 5 in Long Blades
  6910 | D:7      | Gained mutation: A weak demonic guardian rushes to your aid. [demonic ancestry]
  6910 | D:7      | Reached XP level 9. HP: 61/69 MP: 9/9
  6971 | D:7      | Reached **** piety under Trog
  7209 | D:7      | Found a glowing golden altar of the Shining One.
  7507 | D:8      | Reached skill level 5 in Shields
  7557 | D:8      | Reached skill level 1 in Stealth
  7571 | D:8      | Found a radiant altar of Vehumet.
  7630 | D:8      | Found a sand-covered staircase.
  7635 | Ossuary  | Entered an ossuary
  7780 | Ossuary  | Reached ***** piety under Trog
  8281 | D:8      | Found a sacrificial altar of Ru.
  8599 | D:8      | Found a bloodstained altar of Trog.
  8599 | D:8      | Noticed a two-headed ogre
  8608 | D:8      | Killed a two-headed ogre
  8608 | D:8      | Reached skill level 5 in Dodging
  8608 | D:8      | Gained mutation: You have a pair of small horns on your head. [demonic ancestry]
  8608 | D:8      | Reached XP level 10. HP: 75/77 MP: 10/10
  8925 | D:8      | Found a glowing silver altar of Zin.
  8928 | D:8      | Found a hazy altar of Hepliaklqana.
  8931 | D:8      | Found an ancient bone altar of Kikubaaqudgha.
  9325 | D:9      | Received a gift from Trog
  9986 | D:9      | Received a gift from Trog
 10341 | D:9      | Noticed a two-headed ogre
 10351 | D:9      | Killed a two-headed ogre
 10435 | D:9      | Gained mutation: You are mostly covered in sharp spines. [demonic ancestry]
 10435 | D:9      | Reached XP level 11. HP: 57/85 MP: 11/11
 10714 | D:9      | Found a staircase to the Lair.
 10905 | D:10     | Entered Level 10 of the Dungeon
 11469 | D:10     | Noticed Erolcha
 11482 | D:10     | Killed Erolcha
 11537 | D:10     | Found a portal to a secret trove of treasure.
 11927 | D:11     | Noticed a two-headed ogre
 11927 | D:11     | Noticed a two-headed ogre
 11930 | D:11     | Noticed a brown ugly thing
 11934 | D:11     | Killed a two-headed ogre
 11939 | D:10     | Killed a brown ugly thing
 12044 | D:11     | Noticed Urug
 12055 | D:11     | Killed Urug
 12143 | D:11     | Got an ancient long sword
 12144 | D:11     | Identified the +2 long sword of Linearity {drain, rF+++ rN+ Str-2 Dex-2} (You found it on level 11 of the Dungeon)
 12188 | D:11     | Noticed a two-headed ogre
 12196 | D:11     | Killed a two-headed ogre
 12531 | D:11     | Noticed a two-headed ogre
 12538 | D:11     | Killed a two-headed ogre
 12856 | D:11     | Found Ric Xeps's Gadget Emporium.
 13015 | D:11     | Killed a two-headed ogre
 13343 | D:11     | Received a gift from Trog
 13696 | D:12     | Noticed Frances
 13713 | D:12     | HP: 3/86 [rust devil[Frances] (9)]
 13714 | D:12     | Slain by Frances

Skill      XL: |  1  2  3  4  5  6  7  8  9 10 11 |
---------------+----------------------------------+-----
Dodging        | 2 3 4 5 6 |  6.7
Armour         | 2 3 4 5 6 7 8 9 |  9.1
Long Blades    | 3 4 5 6 7 8 |  8.4
Fighting       | 4 5 6 7 8 |  8.5
Shields        | 1 2 4 6 7 9 |  9.2
Stealth        | 1 |  1.7

Action                   |  1- 3 |  4- 6 |  7- 9 | 10-12 || total
-------------------------+-------+-------+-------+-------++-------
Melee: Falchion          |   141 |   205 |   361 |   290 ||   997
       Battleaxe         |       |     1 |       |       ||     1
       Kick              |       |       |   115 |   141 ||   256
       Headbutt          |       |       |       |   100 ||   100
       Long sword        |       |       |       |    98 ||    98
Invok: Berserk           |     1 |     7 |     5 |     9 ||    22
       Burn Spellbooks   |       |       |       |     2 ||     2
  Use: Scroll            |       |     6 |     7 |    10 ||    23
       Potion            |       |       |       |     1 ||     1
 Stab: Distracted        |       |       |     2 |     2 ||     4
  Eat: Chunk             |     5 |     7 |    16 |    15 ||    43
       Ration            |       |     2 |     1 |     3 ||     6
Armor: Animal skin       |     6 |       |       |       ||     6
       Ring mail         |    60 |    59 |       |       ||   119
       Chain mail        |       |       |   156 |   119 ||   275
Dodge: Dodged            |   106 |    53 |    49 |    60 ||   268
Block: Shield            |       |    50 |       |       ||    50
       Large shield      |       |    15 |   238 |   314 ||   567
       Rpst.: Falchion   |    29 |    12 |    10 |     9 ||    60
       Long sword        |       |       |       |     2 ||     2
